 Dungeon Crawl Stone Soup version 0.19.1 (webtiles) character file.

512 Peloso the Slasher (level 7, -1/49 (59) HPs)
             Began as a Ghoul Fighter on Dec 8, 2016.
             Slain by an ogre
             ... wielding a +0 giant club
              (20 damage)
             ... on level 4 of the Dungeon.
             The game lasted 00:06:08 (3123 turns).

Peloso the Slasher (Ghoul Fighter)                  Turns: 3123, Time: 00:06:08

HP:   -1/49 (59)    AC:  8    Str: 20    XL:     7   Next: 19%
MP:   6/6           EV:  8    Int:  3    God:
Gold: 93            SH:  9    Dex: 10    Spells: 0 memorised, 6 levels left

rFire  . . .     SeeInvis .     a - +0 long sword
rCold  + . .     Gourm    .     b - +0 scale mail
rNeg   + + +     Faith    .     c - +0 shield
rPois  ∞         Spirit   .     (no helmet)
rElec  .         Reflect  .     (no cloak)
rCorr  .         Harm     .     q - +0 pair of gloves
MR     .....                    (no boots)
Stlth  ..........               (no amulet)
                                (no ring)
                                (no ring)

@: rotting
A: rotting body, claws 1, carnivore 3, cold resistance 1, negative energy
resistance 3, slow regeneration 1, torment resistance, unbreathing
a: no special abilities


You were on level 4 of the Dungeon.
You were not hungry.

You visited 1 branch of the dungeon, and saw 4 of its levels.

You collected 93 gold pieces.

Inventory:

Hand Weapons
 a - a +0 long sword (weapon)
Armour
 b - a +0 scale mail (worn)
 c - a +0 shield (worn)
 q - a +0 pair of gloves (worn)
Scrolls
 e - 2 scrolls of remove curse {unknown}
 g - 5 scrolls of identify {unknown}
 h - 2 scrolls of amnesia {unknown}
 k - a scroll of recharging {unknown}
 l - 2 scrolls of teleportation {unknown}
 m - 2 scrolls of enchant armour {unknown}
 n - 2 scrolls of magic mapping {unknown}
 p - a scroll of blinking {unknown}
Potions
 d - a potion of might
 i - a potion of curing {unknown}
 j - a potion of brilliance {unknown}
 o - 3 potions of agility {unknown}
 r - 2 potions of cancellation {unknown}
 s - 2 potions of degeneration {unknown}
Comestibles
 f - a meat ration
 t - a beef jerky


   Skills:
 + Level 4.1 Fighting
 + Level 4.9 Long Blades
 + Level 3.9 Armour
 + Level 1.6 Dodging
 + Level 0.5 Stealth
 + Level 3.6 Shields


You had 6 spell levels left.
You didn't know any spells.

Dungeon Overview and Level Annotations

Branches:
Dungeon (4/15)
 Temple: D:4-7

Altars:
Cheibriados


Innate Abilities, Weirdness & Mutations

Your body is rotting away.
You thrive on raw meat.
You are immune to poison.
You have sharp fingernails.
You are carnivorous and can eat meat at any time.
Your flesh is cold resistant. (rC+)
You are immune to negative energy. (rN+++)
You regenerate slowly when monsters are visible.
You are immune to unholy pain and torment.
You can survive without breathing.


Message History

The ogre hits you with a giant club!
You hit the ogre.
The ogre is heavily wounded.
The ogre misses you.
You barely miss the ogre.
The ogre is heavily wounded.
You block the ogre's attack.
You barely miss the ogre.
The ogre is heavily wounded.
The ogre hits you with a giant club!
You closely miss the ogre.
The ogre is heavily wounded.
The ogre hits you with a giant club!
You slash the ogre!
The ogre is severely wounded.
You block the ogre's attack.
You hit the ogre.
The ogre is almost dead.
The ogre hits you with a giant club!!
You die...

##.#..........#...^...#
##.###....##..#.......#
##.###.#.###..#.......##
##.....................#
#.##.#.#.##...#........#
####.#.#.##...#.........
.......#......#.o.......
###########.#.##O#.###.#
..... #.#.##@# # ####...
#......# ..#
#.....#...... .#
#.....#.##.#. #
#.....#.# #.....#.#
#######.# ..


You could see an ogre and an orc.

Vanquished Creatures
  Grinder (D:3)
  The ghost of Perturabo the Skirmisher, an amateur HOFi (D:3)
  A hound (D:3)
  Ijyb (D:2)
  A worker ant (D:4)
  7 adders
  3 oozes
  An adder skeleton (D:3)
  4 worms (D:2)
  4 leopard geckos
  An orc (D:3)
  5 goblins
  7 hobgoblins
  6 jackals (D:1)
  8 kobolds
  4 bats
  5 frilled lizards
  3 rats (D:1)
63 creatures vanquished.

Notes
Turn   | Place    | Note
-------+----------+-------------------------------------------
     0 | D:1      | Peloso the Ghoul Fighter began the quest for the Orb.
     0 | D:1      | Reached XP level 1. HP: 19/19 MP: 0/0
   385 | D:1      | Reached XP level 2. HP: 14/25 MP: 1/1
   752 | D:2      | Reached XP level 3. HP: 21/31 MP: 2/2
  1217 | D:2      | Reached XP level 4. HP: 34/38 MP: 3/3
  1552 | D:3      | Noticed Ijyb
  1567 | D:2      | Killed Ijyb
  1693 | D:3      | Found a snail-covered altar of Cheibriados.
  1693 | D:3      | Found a faded altar of an unknown god.
  1698 | D:3      | Found a faded altar of an unknown god.
  1700 | D:3      | Found a faded altar of an unknown god.
  1702 | D:3      | Found a faded altar of an unknown god.
  1748 | D:3      | Noticed Perturabo's ghost (amateur HOFi)
  1863 | D:2      | Reached XP level 5. HP: 37/45 MP: 4/4
  2107 | D:3      | Killed Perturabo's ghost
  2107 | D:3      | Reached skill level 1 in Dodging
  2184 | D:3      | Reached XP level 6. HP: 11/49 MP: 5/5
  2360 | D:3      | Noticed Grinder
  2361 | D:3      | Paralysed by Grinder for 2 turns
  2379 | D:3      | Paralysed by Grinder for 5 turns
  2397 | D:3      | Paralysed by Grinder for 7 turns
  2413 | D:3      | Paralysed by Grinder for 3 turns
  2423 | D:3      | Killed Grinder
  2654 | D:3      | Reached XP level 7. HP: 42/47 MP: 6/6
  3123 | D:4      | Slain by an ogre

Skill      XL: |  1  2  3  4  5  6  7 |
---------------+----------------------+-----
Long Blades    | 2 3 4 |  4.9
Shields        | 3 |  3.6
Armour         | 3 |  3.9
Dodging        | 1 |  1.6
Fighting       | 4 |  4.1
Stealth        | |  0.5

Action                   |  1- 3 |  4- 6 |  7- 9 || total
-------------------------+-------+-------+-------++-------
Melee: Long sword        |   119 |   164 |    66 ||   349
  Eat: Chunk             |     2 |     2 |     1 ||     5
       Meat ration       |       |     1 |       ||     1
Armor: Scale mail        |    46 |    82 |    25 ||   153
Dodge: Dodged            |    33 |    62 |    28 ||   123
Block: Shield            |    82 |    77 |    26 ||   185
       Rpst.: Long sword |     9 |    19 |     9 ||    37
